 Dungeon Crawl Stone Soup version 0.32-a0-411-g744942f433 (webtiles) character file.

Game seed: 10557670513860824169

341 ragingrage the Cutter (level 6, -5/41 HPs)
             Began as a Merfolk Air Elementalist on Feb 20, 2024.
             Slain by an ice beast (13 damage)
             ... on level 4 of the Dungeon.
             The game lasted 00:03:14 (2755 turns).

ragingrage the Cutter (Merfolk Air Elementalist)    Turns: 2755, Time: 00:03:15

Health: -5/41      AC:  2    Str:  8    XL:     6   Next: 56%
Magic:  3/9        EV: 12    Int: 16    God:
Gold:   135        SH:  0    Dex: 15    Spells: 8/9 levels left

rFire   . . .        a - +3 dagger (venom)
rCold   . . .        (no shield)
rNeg    . . .        i - +0 robe
rPois   .            (no helmet)
rElec   .            (no cloak)
rCorr   .            (no gloves)
SInv    .            (no boots)
Will    +....        (no amulet)
Stlth   ++           k - ring of willpower
HPRegen 0.26/turn    (no ring)
MPRegen 0.11/turn

%: no passive effects
@: no status effects
A: (nimble swimmer 2), mertail
a: no special abilities


You were on level 4 of the Dungeon.
You visited 1 branch of the dungeon, and saw 6 of its levels.

You collected 135 gold pieces.

Inventory:

Hand Weapons
 a - a +3 dagger of venom (weapon)
 l - a +0 long sword
Missiles
 g - 7 poisoned darts
Armour
 i - a +0 robe (worn)
Jewellery
 k - a ring of willpower (left hand)
Wands
 s - a wand of charming (7)
Scrolls
 d - 2 scrolls of noise {unknown}
 e - a scroll of immolation
 f - 3 scrolls of identify {unknown}
 m - a scroll of fear {unknown}
 q - a scroll of teleportation {unknown}
 r - a scroll of fog {unknown}
Potions
 b - 2 potions of magic
 c - a potion of might {unknown}
 h - a potion of degeneration
 j - 2 potions of enlightenment {unknown}
 n - 2 potions of attraction {unknown}
 o - a potion of curing
 p - a potion of invisibility {unknown}


   Skills:
 * Level 5.0 Short Blades
 - Level 1.7 Polearms
 - Level 2.6 Dodging
 - Level 3.0 Stealth
 - Level 2.0 Spellcasting
 + Level 2.9 Conjurations
 - Level 3.0 Air Magic


You had 8 spell levels left.
You knew the following spells:

 Your Spells              Type           Power      Damage    Failure   Level
a - Shock                 Conj/Air       44%        1d5       6%          1

Your spell library contained the following spells:

 Spells                   Type           Power      Damage    Failure   Level
 Static Discharge         Conj/Air       22%        3-4/arc   10%         2
 Swiftness                Air            11%        N/A       19%         3
 Freeze                   Ice            4%         1d3       21%         1
 Hailstorm                Conj/Ice       6%         3d5       34%         3
 Frozen Ramparts          Ice            2%         1d1       52%         3
 Tukima's Dance           Hex            1%         N/A       52%         3
 Airstrike                Air            5%         2d(1-17)  52%         4
 Iskenderun's Mystic Bla  Conj/Tloc      6%         2d4       75%         4
 Dimensional Bullseye     Hex/Tloc       0%         N/A       90%         4
 Alistair's Intoxication  Alch           0%         N/A       99%         5
 Borgnjor's Vile Clutch   Necr/Erth      0%         N/A       99%         5
 Eringya's Noxious Bog    Alch           0%         4d6       100%        6


Dungeon Overview and Level Annotations

Branches:
Dungeon (6/15)
 Temple: D:4-7

Altars:
Zin

Shops:
D:2 (


Innate Abilities, Weirdness & Mutations

((You are very nimble when in or above water. (Stealth+, EV+, Speed+++)))
Your lower body shifts to a powerful aquatic tail in water.


Message History

You miscast Shock.
You are very lightly contaminated with residual magic.
Nothing appears to happen.
Aiming: Shock (safe; 6% risk of failure)
Press: ? - help, Q - select action, (/) - cycle Shift-Dir - straight line
Okay, then.
Aiming: Shock (safe; 6% risk of failure)
Press: ? - help, Q - select action, (/) - cycle Shift-Dir - straight line The zap misses the ice beast.
The zap hits the goblin.
The zap misses the goblin.
The zap hits the ice beast.
The ice beast hits you. The ice beast freezes you!
Aiming: Shock (safe; 6% risk of failure)
Press: ? - help, Q - select action, (/) - cycle Shift-Dir - straight line The zap hits the ice beast.
The zap misses the goblin.
The zap hits the goblin.
You kill the goblin!
The zap hits the ice beast but does no damage.
The ice beast hits you. The ice beast freezes you!
* * * LOW HITPOINT WARNING * * *
Aiming: Shock (safe; 6% risk of failure)
Press: ? - help, Q - select action, (/) - cycle Shift-Dir - straight line The zap hits the ice beast.
The zap misses the ball python.
The zap hits the ball python.
You kill the ball python!
The zap hits the ice beast.
The ice beast hits you but does no damage.
You feel better. The ice beast closely misses you.
You closely miss the ice beast. The ice beast hits you.
The ice beast freezes you!
* * * LOW HITPOINT WARNING * * *
You feel better.
The ice beast hits you but does no damage.
Your magical contamination has completely faded away.
Aiming: Shock (safe; 6% risk of failure)
Press: ? - help, Q - select action, (/) - cycle Shift-Dir - straight line The zap misses the ice beast.
The zap hits the ice beast.
The ice beast hits you.
* * * LOW HITPOINT WARNING * * *
The ice beast freezes you!
You die...

#... #. #.#
#.## ##.# ..
#.# ... .. #.#
..##. #.# ....
#.# #.# .)#
####.# ##.# #Y#
..##.# #..# #@#
#.##.# #.## #.#
#.##.# #.#
##.###.##.# #.#
##.##...##.##.#
#.#
#.............#
#.#
#.###...##.#.##
#.# ##.###.#.#
#.# ...# #.#.#
#.# ##### #.#.#
#.#


You could see an ice beast.

Vanquished Creatures
  A black bear (D:5)
  A scorpion (D:5)
  A hound (D:5)
  An orc wizard (D:4)
  A gnoll (D:1)
  2 adders
  A ribbon worm (D:3)
  A dart slug (D:2)
  4 orcs (D:4)
  7 ball pythons
  3 bats
  2 endoplasms (D:3)
  2 giant cockroaches
  8 goblins
  5 hobgoblins
  2 jackals (D:3)
  6 kobolds
  5 frilled lizards
  6 rats
59 creatures vanquished.

Notes
Turn   | Place    | Note
-------+----------+-------------------------------------------
     0 | D:1      | ragingrage the Merfolk Air Elementalist began the quest for
                  | the Orb.
     0 | D:1      | Reached XP level 1. HP: 13/13 MP: 3/3
    90 | D:1      | Found a faded altar of an unknown god.
   139 | D:1      | Reached skill level 1 in Conjurations
   145 | D:1      | Reached skill level 1 in Polearms
   145 | D:1      | Reached XP level 2. HP: 18/19 MP: 1/5
   289 | D:1      | Reached XP level 3. HP: 20/24 MP: 2/6
   973 | D:2      | Reached skill level 1 in Short Blades
  1043 | D:2      | Found a glowing silver altar of Zin.
  1165 | D:2      | Reached XP level 4. HP: 30/30 MP: 5/7
  1390 | D:2      | Found Rasoil's Antique Weapon Shoppe.
  1654 | D:3      | Reached skill level 2 in Short Blades
  2312 | D:3      | You fall into a shaft and drop 3 floors!
  2318 | D:5      | Entered Level 5 of the Dungeon
  2318 | D:5      | Noticed a scorpion
  2326 | D:5      | Killed a scorpion
  2327 | D:5      | Reached skill level 3 in Short Blades
  2327 | D:5      | Reached XP level 5. HP: 25/35 MP: 8/8
  2344 | D:5      | Noticed a black bear
  2358 | D:5      | Killed a black bear
  2359 | D:5      | Reached skill level 4 in Short Blades
  2359 | D:5      | Reached XP level 6. HP: 9/41 MP: 1/9
  2704 | D:4      | Reached skill level 5 in Short Blades
  2743 | D:4      | Noticed an ice beast
  2755 | D:4      | Slain by an ice beast

Illustrated notes

Levels and vault maps discovered:
D:1:      lightli_molten_gateway, layout_rooms,
          hellmonk_ecumenical_altar_blasted, nrook_mini_backslash,
          minmay_shallow_snake_nest
D:2:      layout_basic, basic_altar, serial_shops, nicolae_shop_stone
D:3:      layout_basic
D:4:      layout_loops_ring, minmay_temple_entry_sparse_star, serial_shops, shop
D:5:      layout_rooms, minitemple, st_stairs_6, kennysheep_generic_room_4
D:6:      layout_basic, minmay_lizard_king, uniq_sigmund

Skill      XL: |  1  2  3  4  5  6 |
---------------+-------------------+-----
Conjurations   | 1 2 |  2.9
Polearms       | 1 |  1.7
Short Blades   | 1 3 4 5 |  5.0
Air Magic      | 3 |  3.0
Stealth        | 3 |  3.0
Dodging        | |  2.6
Spellcasting   | |  2.0

Action                     |  1- 3 |  4- 6 || total
---------------------------+-------+-------++-------
  Melee: Spear             |     8 |       ||     8
         Dagger            |     9 |    53 ||    62
   Cast: Shock             |    41 |    46 ||    87
    Use: Potion            |       |     4 ||     4
   Stab: Sleeping          |       |     1 ||     1
 Armour: Robe              |    18 |    42 ||    60
  Dodge: Dodged            |    14 |    37 ||    51

Table legend: (Time is in decaauts)
 A = Elapsed time spent in this place.
 B = Non-inter-level travel time spent in this place.
 C = Inter-level travel time spent in this place.
 D = Time resting spent in this place.
 E = Time spent auto-exploring this place.
 F = Levels seen in this place.
 G = Mean time per level.
                   A        B        C        D        E       F      G
               +--------+--------+--------+--------+--------+-----+--------+
         Total |   2742 |   2675 |     67 |    314 |   1984 |   6 |  457.0 |
       Dungeon |   2742 |   2675 |     67 |    314 |   1984 |   6 |  457.0 |
               +--------+--------+--------+--------+--------+-----+--------+

Top non-repeatable levels by time:
     D:1: 838 daAuts
     D:2: 792 daAuts
     D:3: 677 daAuts
     D:4: 232 daAuts
     D:5: 196 daAuts
     D:6: 5 daAuts
